 Dungeon Crawl Stone Soup version 0.24.0-123-gd5b16e6ec5 (webtiles) character file.

Game seed: 10939970451688767399, levelgen mode: deterministic

1225 vurker the Quickloader (level 8, 0/50 HPs)
             Began as a Kobold Hunter on Feb 2, 2020.
             Was a Follower of Okawaru.
             Splashed by a jelly's acid (7 damage)
             ... on level 6 of the Dungeon.
             The game lasted 00:12:33 (6622 turns).

vurker the Quickloader (Kobold Hunter)              Turns: 6622, Time: 00:12:34

Health: 0/50       AC: -4    Str: 11    XL:     8   Next: 76%
Magic:  11/11      EV: 16    Int: 12    God:    Okawaru [*.....]
Gold:   231        SH:  0    Dex: 20    Spells: 7/7 levels left

rFire    . . .     SeeInvis .   b - +0 short sword
rCold    . . .     Gourm    .   (shield restricted)
rNeg     . . .     Faith    .   q - +0 scale mail
rPois    .         Spirit   .   (no helmet)
rElec    .         Reflect  .   (no cloak)
rCorr    .         Harm     .   k - +0 pair of gloves
MR       .....                  w - +0 pair of boots
Stlth    +.........             (no amulet)
HPRegen  0.16/turn              i - +5 ring of evasion
MPRegen  0.12/turn              m - +4 ring of dexterity

@: corroded, lightly drained
A: small, carnivore
a: Heroism, Renounce Religion


You were on level 6 of the Dungeon.
You worshipped Okawaru.
Okawaru was aware of your devotion.
You were very full.

You visited 1 branch of the dungeon, and saw 6 of its levels.
You also visited: Sewer.

You collected 341 gold pieces.
You spent 110 gold pieces at shops.

Inventory:

Hand Weapons
 a - a +1 hand crossbow
 b - a +0 short sword (weapon)
Missiles
 d - 19 bolts
Armour
 k - a +0 pair of gloves (worn)
   (You found it on level 2 of the Dungeon)
 q - a +0 scale mail (worn)
   (You found it on level 3 of the Dungeon)
 w - a +0 pair of boots (worn)
   (You found it on level 5 of the Dungeon)
Jewellery
 i - a +5 ring of evasion (left hand)
   (You found it on level 1 of the Dungeon)
 m - a +4 ring of dexterity (right hand)
   (You found it on level 2 of the Dungeon)
 s - an uncursed ring of protection from cold
   (You found it on level 3 of the Dungeon)
Wands
 c - a wand of disintegration (6)
   (You found it on level 3 of the Dungeon)
 t - a wand of flame (5)
   (You took it off Ijyb on level 5 of the Dungeon)
 x - a wand of acid (3)
   (You found it on level 5 of the Dungeon)
Scrolls
 f - 3 scrolls of remove curse {unknown}
 g - 3 scrolls of magic mapping {unknown}
 p - a scroll of enchant weapon {unknown}
 u - 2 scrolls of teleportation
 v - a scroll of enchant armour {unknown}
 y - a scroll of noise {unknown}
Potions
 h - a potion of curing
 j - a potion of might
 l - 4 potions of lignification
 o - a potion of mutation
 r - a potion of ambrosia
 z - 2 potions of haste
 A - a potion of flight
 B - a potion of heal wounds {unknown}
Comestibles
 e - 15 rations


   Skills:
 + Level 5.4(4.8) Fighting
 - Level 5.0(4.5) Short Blades
 * Level 9.2(8.6) Crossbows
 - Level 2.4(1.8) Dodging
 - Level 1.3(0.8) Stealth
 + Level 4.3(3.8) Invocations


You had 7 spell levels left.
You didn't know any spells.
Your spell library was empty.

Dungeon Overview and Level Annotations

Branches:
Dungeon (6/15)             Temple (0/1) D:5           Sewer (visited)

Altars:
Okawaru
Sif Muna
Trog
Uskayaw
Xom
Zin

Shops:
D:4 [?[:

Annotations:
D:5 2 transporters


Innate Abilities, Weirdness & Mutations

You are small and have problems with some larger weapons.
You are carnivorous and can eat meat at any time.


Message History

The worker ant bites you but does no damage.
The jelly barely misses you.
You hit the worker ant. The worker ant bites you.
You are more poisoned.
The worker ant poisons you! The jelly hits you. The acid corrodes you!
You are splashed with acid!
* * * LOW HITPOINT WARNING * * *
Aim: a jelly (chance to defeat MR: 73%)
The jelly struggles to resist.
You feel sick. The worker ant bites you.
* * * LOW HITPOINT WARNING * * *
The jelly hits you but does no damage. The worker ant misses you.
Aim: a jelly (chance to defeat MR: 73%)
The jelly is blasted!
You feel sick. The worker ant bites you.
* * * LOW HITPOINT WARNING * * *
The jelly barely misses you.
You are confused.
You feel invigorated.
You feel sick. The worker ant misses you. The jelly closely misses you.
You feel sick.
You feel sick. The worker ant barely misses you.
You bump into the rock wall.
You feel less invigorated.
You feel less confused.
You feel sick. The worker ant closely misses you. The jelly closely misses you.
The worker ant bites you.
* * * LOW HITPOINT WARNING * * *
Aim: a worker ant (severely wounded)
The bolt of acid misses the worker ant.
You feel sick. The worker ant misses you. The jelly closely misses you.
Aim: a worker ant (severely wounded)
The bolt of acid hits the worker ant.
The worker ant is splashed with acid.
The acid corrodes the worker ant!
You kill the worker ant!
Okawaru accepts your kill.
You feel sick. The jelly hits you but does no damage.
You hit the jelly. The acid corrodes you!
Your hands burn!
* * * LOW HITPOINT WARNING * * *
You feel sick. The jelly closely misses you.
Aim: a jelly (moderately wounded, chance to defeat MR: 73%)
The jelly is blasted!
You feel sick. The jelly misses you.
Aim: a jelly (moderately wounded, chance to defeat MR: 73%)
The jelly struggles to resist.
The jelly hits you.
* * * LOW HITPOINT WARNING * * *
You are splashed with acid!
* * * LOW HITPOINT WARNING * * *
You feel better. The jelly misses you.
Aim: a jelly (moderately wounded, chance to defeat MR: 73%)
The jelly is blasted!!
The jelly hits you.
* * * LOW HITPOINT WARNING * * *
The acid corrodes you!
You are splashed with acid!
You die...

##########
#......... ###
#......... #..
#......... #..
#@........ #..
#†J....... #..
#......... #..
#......... #..
####.........
#..
#.............
...
#>.............
...
#.##.....)....#
.##
#.##..........#


You could see a jelly.

Vanquished Creatures
  Purgy (Sewer)
  A phantom (D:4)
  2 sky beasts (D:6)
  A centaur (D:6)
  2 scorpions (D:4)
  2 howler monkeys (D:6)
  A crimson imp (D:6)
  2 orc priests (D:5)
  A bullfrog skeleton (D:4)
  An iguana (D:4)
  Ijyb (D:5)
  6 worker ants
  3 gnolls (D:2)
  13 adders
  A shadow imp (D:5)
  3 adder skeletons
  An adder zombie (D:5)
  5 leopard geckos
  17 orcs
  2 ball pythons
  5 bats
  8 giant cockroaches
  12 goblins
  5 hobgoblins
  2 quokkas (D:5)
  7 frilled lizards
  8 kobolds
  A leopard gecko skeleton (D:5)
  6 rats
120 creatures vanquished.

Vanquished Creatures (others)
  A centaur (D:5)
  An adder (D:5)
2 creatures vanquished.

Grand Total: 122 creatures vanquished

Notes
Turn   | Place    | Note
-------+----------+-------------------------------------------
     0 | D:1      | vurker the Kobold Hunter began the quest for the Orb.
     0 | D:1      | Reached XP level 1. HP: 12/12 MP: 1/1
   299 | D:1      | Reached skill level 1 in Short Blades
   299 | D:1      | Reached skill level 5 in Crossbows
   311 | D:1      | Reached XP level 2. HP: 14/18 MP: 2/2
   961 | D:2      | Reached XP level 3. HP: 17/22 MP: 3/3
  1142 | D:2      | Found an iron altar of Okawaru.
  1343 | D:2      | Found a glowing silver altar of Zin.
  1343 | D:2      | Found a bloodstained altar of Trog.
  1352 | D:2      | Became a worshipper of Warmaster Okawaru
  1460 | D:2      | Reached XP level 4. HP: 27/27 MP: 4/4
  1648 | D:2      | Reached XP level 5. HP: 32/32 MP: 5/5
  2069 | D:3      | Found a hide-covered altar of Uskayaw.
  2162 | D:3      | Reached skill level 6 in Crossbows
  2366 | D:3      | Reached skill level 1 in Invocations
  2573 | D:4      | Found Toduw's Magic Scroll Shop.
  2716 | D:4      | Bought a scroll of teleportation for 33 gold pieces
  2716 | D:4      | Bought a scroll of identify for 22 gold pieces
  2716 | D:4      | Bought a scroll of teleportation for 33 gold pieces
  2716 | D:4      | Bought a scroll of identify for 22 gold pieces
  2764 | D:4      | Reached XP level 6. HP: 17/37 MP: 5/7
  3094 | D:4      | Noticed a phantom
  3117 | D:4      | Killed a phantom
  3117 | D:4      | Reached * piety under Okawaru
  3196 | D:4      | Found a shimmering blue altar of Sif Muna.
  3219 | D:4      | Found Plog's Book Boutique.
  3229 | D:4      | Found Peag Uti's Antique Armour Boutique.
  3442 | D:4      | Reached skill level 5 in Short Blades
  3442 | D:4      | Reached XP level 7. HP: 37/42 MP: 8/8
  3453 | D:4      | Reached skill level 7 in Crossbows
  4079 | D:4      | Found Tizxak Kedai's Armour Shop.
  4412 | D:5      | Entered Level 5 of the Dungeon
  4465 | D:5      | Found a transporter.
  4519 | D:5      | Found a staircase to the Ecumenical Temple.
  4594 | D:5      | Found a shimmering altar of Xom.
  4642 | D:5      | Noticed Ijyb
  4659 | D:5      | Killed Ijyb
  4715 | D:5      | Found a glowing drain.
  4766 | Sewer    | Entered a sewer
  4897 | Sewer    | Noticed Purgy
  4935 | Sewer    | Killed Purgy
  4935 | Sewer    | Reached XP level 8. HP: 28/48 MP: 10/10
  5172 | D:5      | Reached skill level 8 in Crossbows
  5185 | D:5      | Noticed a kobold demonologist
  5193 | D:5      | Found a transporter.
  6166 | D:6      | Got a vibrating graven amulet
  6181 | D:6      | Identified the amulet of Viwypot {Harm *Corrode *Drain
                  | rElec Int+3} (You found it on level 6 of the Dungeon)
  6272 | D:6      | Reached skill level 5 in Fighting
  6517 | D:6      | Reached skill level 9 in Crossbows
  6620 | D:6      | HP: 1/50 [acid (8)]
  6622 | D:6      | Splashed by a jelly's acid

Levels and vault maps discovered:
D:1:      sevenhm_arrival_forest_fort_large_3, layout_rooms
D:2:      layout_rooms, grunt_temple_overflow_open
D:3:      layout_loops_ring, eat_drink_and_be_merry_uskayaw,
          guppyfry_early_orc_mine
D:4:      layout_basic, led_sif_pool, serial_shops, shop, nicolae_shop_stone,
          shop_coins, nicolae_shop_overgrown_old_shop
D:5:      gammafunk_wand_slinger, layout_loops_ring, xom_confusion_cloud,
          minmay_temple_entry_drinking_statues, gup_sewer_entry_glass,
          serial_rivers, chequers_serial_rivers_large_a,
          chequers_serial_rivers_micro_c, chequers_serial_rivers_micro_e,
          chequers_serial_rivers_micro_a, chequers_serial_rivers_small_3,
          chequers_serial_rivers_small_b, first_ration, uniq_ijyb
D:6:      layout_basic, kennysheep_mini_moat, kennysheep_mini, serial_shops,
          nicolae_shop_trees

Skill      XL: |  1  2  3  4  5  6  7  8 |
---------------+-------------------------+-----
Short Blades   | 1 2 3 4 5 |  5.0
Crossbows      | 5 6 7 9 |  9.2
Fighting       | 3 4 5 |  5.4
Invocations    | 1 2 3 4 |  4.3
Dodging        | |  2.4
Stealth        | |  1.3

Action                   |  1- 3 |  4- 6 |  7- 9 || total
-------------------------+-------+-------+-------++-------
Melee: Short sword       |   151 |   163 |   194 ||   508
 Fire: Hand crossbow     |       |    45 |   117 ||   162
Invok: Heroism           |       |       |     2 ||     2
Evoke: Wand              |       |       |    13 ||    13
  Use: Scroll            |       |     5 |     4 ||     9
       Potion            |       |     1 |     2 ||     3
 Stab: Distracted        |     3 |       |       ||     3
       Sleeping          |     1 |     1 |       ||     2
  Eat: Chunk             |    10 |     7 |     9 ||    26
Armor: Leather armour    |    36 |     4 |       ||    40
       Scale mail        |       |    25 |    67 ||    92
Dodge: Dodged            |   213 |   143 |   227 ||   583
